 Dungeon Crawl Stone Soup version 0.24-a0-250-g6074511 (webtiles) character file.

Game seed: 1531692597935992796

675 Borgoz the Cutter (level 7, -5/44 HPs)
             Began as a Kobold Gladiator on Apr 14, 2019.
             Slain by a centaur
             ... wielding a cursed +0 shortbow
              (6 damage)
             ... on level 5 of the Dungeon.
             The game lasted 00:09:41 (5028 turns).

Borgoz the Cutter (Kobold Gladiator)                Turns: 5028, Time: 00:09:41

Health: -5/44      AC: 13    Str: 13    XL:     7   Next: 91%
Magic:  7/7        EV: 13    Int:  9    God:
Gold:   183        SH:  0    Dex: 22    Spells: 6/6 levels left

rFire    . . .     SeeInvis .   a - +1 rapier
rCold    . . .     Gourm    .   (shield restricted)
rNeg     . . .     Faith    .   h - +0 plate armour
rPois    .         Spirit   .   c - +1 helmet
rElec    .         Reflect  .   (no cloak)
rCorr    +         Harm     .   (no gloves)
MR       +....                  (no boots)
Stlth    ..........             (no amulet)
HPRegen  0.14/turn              l - ring of resist corrosion
MPRegen  0.10/turn              q - ring of protection from magic

@: agile
A: small, carnivore
a: no special abilities


You were on level 5 of the Dungeon.
You were very full.

You visited 1 branch of the dungeon, and saw 5 of its levels.

You collected 183 gold pieces.

Inventory:

Hand Weapons
 a - a +1 rapier (weapon)
Armour
 c - a +1 helmet (worn)
 h - a +0 plate armour (worn)
Jewellery
 l - a ring of resist corrosion (left hand)
 q - a ring of protection from magic (right hand)
Wands
 b - a wand of polymorph (9)
 e - a wand of disintegration (18)
Scrolls
 g - 4 scrolls of remove curse
 k - a scroll of enchant armour
 m - a scroll of amnesia
Comestibles
 f - 7 rations


   Skills:
 + Level 4.8 Fighting
 + Level 6.6 Short Blades
 - Level 2.1 Throwing
 + Level 3.0 Armour
 + Level 6.0 Dodging


You had 6 spell levels left.
You didn't know any spells.
Your spell library was empty.

Dungeon Overview and Level Annotations

Branches:
Dungeon (5/15)
 Temple: D:4-7

Altars:
Fedhas
Hepliaklqana
Vehumet


Innate Abilities, Weirdness & Mutations

You are small and have problems with some larger weapons.
You are carnivorous and can eat meat at any time.


Message History

The centaur is severely wounded.
The centaur completely misses you.
Something hits you but does no damage. x2
The centaur hits you but does no damage.
The orc barely misses you.
You barely miss the centaur.
The centaur is severely wounded.
You hear some strange, mumbled words.
A puff of frost appears from out of thin air!
The puff of frost misses you. Something hits you but does no damage.
The centaur hits you with a cursed +0 shortbow.
* * * LOW HITPOINT WARNING * * *
Something hits you.
* * * LOW HITPOINT WARNING * * *
You hear some strange, mumbled words.
A puff of frost appears from out of thin air!
The puff of frost hits you.
* * * LOW HITPOINT WARNING * * *
You hit something. The orc barely misses you.
The centaur hits you with a cursed +0 shortbow.
You die...

#... ... +###...# ..
......## ..# .
#...(.##.##.. ....
+...........# ....
..#......#$...#
....................
.....## #.{@[......
+#.....###o(c######.
...........(.#
.......#(....#.
.......<.........
.....#.....#.....
... #.....#...<.# .
#.....#......#
###...##......


You could see a centaur and an orc.

Vanquished Creatures
  A centaur (D:5)
  An ogre (D:3)
  A hound (D:3)
  4 orc wizards (D:4)
  2 iguanas (D:4)
  2 worker ants (D:4)
  A howler monkey zombie (D:2)
  9 gnolls
  3 adders
  An ooze (D:2)
  3 worms
  An adder skeleton (D:2)
  3 dart slugs (D:1)
  5 leopard geckos
  20 orcs
  4 bats
  5 giant cockroaches
  7 goblins
  4 hobgoblins
  9 kobolds
  3 quokkas
  5 ball pythons
  6 frilled lizards
  A quokka skeleton (D:4)
  6 rats
107 creatures vanquished.

Notes
Turn   | Place    | Note
-------+----------+-------------------------------------------
     0 | D:1      | Borgoz the Kobold Gladiator began the quest for the Orb.
     0 | D:1      | Reached XP level 1. HP: 12/12 MP: 1/1
    59 | D:1      | Reached XP level 2. HP: 13/18 MP: 2/2
   185 | D:1      | Reached XP level 3. HP: 20/22 MP: 3/3
   609 | D:1      | Reached skill level 1 in Armour
   649 | D:1      | Reached XP level 4. HP: 17/27 MP: 4/4
   808 | D:2      | Reached XP level 5. HP: 5/32 MP: 5/5
   928 | D:2      | Reached skill level 5 in Short Blades
  1282 | D:2      | Found a blossoming altar of Fedhas.
  1714 | D:3      | Noticed an ogre
  1727 | D:3      | Killed an ogre
  1727 | D:3      | Reached XP level 6. HP: 16/38 MP: 6/6
  2052 | D:3      | Reached skill level 5 in Dodging
  3646 | D:4      | Found a hazy altar of Hepliaklqana.
  3666 | D:4      | Reached XP level 7. HP: 27/43 MP: 7/7
  3730 | D:4      | Found a radiant altar of Vehumet.
  4873 | D:5      | Entered Level 5 of the Dungeon
  5027 | D:5      | HP: 2/44 [something (4)]
  5028 | D:5      | Slain by a centaur

Levels and vault maps discovered:
D:1:      dpeg_arrival_court, layout_loops_ring
D:2:      layout_loops_cross, fedhas_altar_1, first_ration
D:3:      layout_loops_corners, chequers_jeans
D:4:      layout_basic, kennysheep_mini_moat, kennysheep_diamond,
          serial_bayou_lake_a
D:5:      layout_basic, minmay_manual_mares

Skill      XL: |  1  2  3  4  5  6  7 |
---------------+----------------------+-----
Dodging        | 4 5 6 |  6.0
Armour         | 1 2 3 |  3.0
Fighting       | 3 4 |  4.8
Short Blades   | 5 6 |  6.6
Throwing       | |  2.1

Action                   |  1- 3 |  4- 6 |  7- 9 || total
-------------------------+-------+-------+-------++-------
Melee: Rapier            |    68 |   299 |   166 ||   533
Throw: Throwing net      |       |     5 |       ||     5
  Use: Scroll            |       |     8 |     1 ||     9
       Potion            |       |     5 |     2 ||     7
 Stab: Sleeping          |     1 |       |       ||     1
       Held in net/web   |       |     1 |       ||     1
  Eat: Chunk             |       |    17 |     3 ||    20
Armor: Leather armour    |     3 |       |       ||     3
       Ring mail         |     5 |       |       ||     5
       Plate armour      |     6 |   259 |   184 ||   449
Dodge: Dodged            |    48 |   145 |    84 ||   277

Table legend:
 A = Non-vault XP
 B = Vault XP
 C = Vault XP percentage of total XP
 D = Non-vault monster count
 E = Vault monster count
 F = Vault count percentage of total count
                 A         B        C        D         E       F
            +---------+---------+-------+---------+---------+-------
      Total |     844 |     121 |  12.5 |     105 |       2 |   1.9
            +---------+---------+-------+---------+---------+-------
        D:1 |      75 |       0 |   0.0 |      27 |       0 |   0.0
        D:2 |     103 |       0 |   0.0 |      26 |       0 |   0.0
        D:3 |     243 |       0 |   0.0 |      20 |       0 |   0.0
        D:4 |     421 |       3 |   0.7 |      31 |       1 |   3.1
        D:5 |       2 |     118 |  98.3 |       1 |       1 |  50.0
            +---------+---------+-------+---------+---------+-------
